AoeStats
← Two_Smoothie_Machines

Arabia

510363535Analyzed
1v1 RM · 2d ago on Sep 30, 2026· 52m 32s· 2 players
Game mode
Random Map
Map size
Tiny (2 player)
Population
200
Speed
Normal
Resources
Standard
Victory
Conquest
Starting age
Dark Age
Ending age
Imperial Age
RankedLock teamsTeams togetherTeam positionsShared explorationLock speedFull tech treeHidden civsTurbo modeCheats
Victory
Defeat
🇫🇷 Franks · France
1115
+16
🇫🇷 Malians · France
1114
-16
Ccosmic
9:23 Feudal Age
8:47 Loom
10:10 Man-at-Arms
10:53 Scale Mail Armor
12:50 Forging
12:56 Arson
19:49 Castle Age
18:20 Double-Bit Axe
18:25 Horse Collar
19:52 Gold Mining
19:54 Fletching
20:19 Long Swordsman
21:35 Squires
24:55 Wheelbarrow
24:38 Bodkin Arrow
25:38 Bow Saw
27:46 Chain Mail Armor
28:45 Iron Casting
27:33 Elite Skirmisher
28:50 Padded Archer Armor
35:02 Gold Shaft Mining
41:08 Stone Mining
Two_Smoothie_Machines
6:30 Loom
9:50 Feudal Age
10:31 Double-Bit Axe
17:05 Fletching
17:15 Town Watch
21:23 Castle Age
19:55 Gold Mining
20:13 Scale Barding Armor
21:02 Padded Archer Armor
22:33 Bow Saw
22:02 Crossbowman
25:50 Forging
28:09 Wheelbarrow
30:51 Hand Cart
34:11 Chain Barding Armor
41:19 Imperial Age
39:22 Husbandry
40:02 Iron Casting
39:23 Bodkin Arrow
39:33 Scale Mail Armor
41:04 Town Patrol
41:51 Gold Shaft Mining
42:46 Plate Barding Armor
41:33 Cavalier
43:00 Conscription
42:21 Elite Throwing Axeman
43:19 Capped Ram
46:55 Spies/Treason
48:13 Hoardings
47:20 Paladin
49:46 Squires
53:39 Blast Furnace
52:54 Chain Mail Armor
Connection lost

Rejoining the realm…

Still unreachable

The connection could not be restored.

Session expired

The server has moved on; the page needs a fresh start.